 Dungeon Crawl Stone Soup version 0.27-a0-488-g88baaf19db (webtiles) character file.

Game seed: 9363536050781287002

28 Dirtsage the Slasher (level 2, -4/26 HPs)
             Began as a Minotaur Gladiator on Mar 1, 2021.
             Slain by a gnoll
             ... wielding a +0 flail
              (7 damage)
             ... on level 1 of the Dungeon.
             The game lasted 00:01:11 (859 turns).

Dirtsage the Slasher (Minotaur Gladiator)            Turns: 859, Time: 00:01:12

Health: -4/26      AC:  3    Str: 18    XL:     2   Next: 96%
Magic:  1/1        EV: 12    Int:  5    God:
Gold:   30         SH:  0    Dex: 11    Spells: 1/1 levels left

rFire    . . .     SeeInvis +   a - +0 long sword
rCold    . . .     Faith    .   (no shield)
rNeg     . . .     Spirit   .   b - +0 leather armour
rPois    .         Reflect  .   c - +0 hat
rElec    .         Harm     .   (no cloak)
rCorr    .         Rampage  .   (no gloves)
Will     .....                  (no boots)
Stlth    +.........             (no amulet)
HPRegen  0.08/turn              v - ring of see invisible
MPRegen  0.07/turn              (no ring)

@: no status effects
A: horns 2, retaliatory headbutt
a: no special abilities


You were on level 1 of the Dungeon.
You visited 1 branch of the dungeon, and saw 2 of its levels.

You collected 30 gold pieces.


Innate Abilities, Weirdness & Mutations

You have a pair of horns on your head.
You reflexively headbutt those who attack you in melee.


   Skills:
 + Level 3.1 Fighting
 * Level 4.6 Long Blades
 - Level 2.0 Throwing
 - Level 3.2 Dodging


You had one spell level left.
You didn't know any spells.
Your spell library was empty.

Inventory:

Hand Weapons
 a - a +0 long sword (weapon)
Missiles
 d - 5 throwing nets (quivered) {=f}
Armour
 b - a +0 leather armour (worn)
 c - a +0 hat (worn)
Jewellery
 v - a ring of see invisible (left hand)
Scrolls
 e - a scroll of fear {unknown}
 g - a scroll of enchant weapon {unknown}
 h - a scroll of teleportation {unknown}
 j - a scroll of identify {unknown}
 l - 2 scrolls of immolation {unknown}
Potions
 f - a potion of haste {unknown}
 i - a potion of mutation {unknown}
 k - a potion of degeneration {unknown}
 m - a potion of lignification {unknown}

Dungeon Overview and Level Annotations

Branches:
Dungeon (2/15)

Altars:

#......# #.#
#......######.#
#.........)...#
##...#.#####..##########
##....................#
#....#####..########.#
#......# #..# #.# ##...#.#
#..########.####### #.....#
#.@#...............
#.....###g.#.######.#######
#.....(....#.# #.#
####..####.#.# #.# #####
#..####.#.# ##.# #....
#.....#.#.## #..# #.###
#..##.#....# #.## #.# #
#..#...##..# #.# #.# #
#.......#..# #.# #.# #


You could see a gnoll.


Message History

The gnoll hits you from afar with a +0 spear!
You barely miss the gnoll. Your headbutt misses the gnoll.
The gnoll hits you with a +0 flail!
* * * LOW HITPOINT WARNING * * *
The gnoll hits you from afar with a +0 spear!
* * * LOW HITPOINT WARNING * * *
You are too injured to fight recklessly!
You are too injured to fight recklessly!
You are too injured to fight recklessly!
You are too injured to fight recklessly!
You are too injured to fight recklessly!
You are too injured to fight recklessly!
You are too injured to fight recklessly!
You are too injured to fight recklessly!
You are too injured to fight recklessly!
You are too injured to fight recklessly!
You are too injured to fight recklessly!
You are too injured to fight recklessly!
You are too injured to fight recklessly!
You are too injured to fight recklessly!
You are too injured to fight recklessly!
Unknown command.
You see here a giant cockroach corpse.
There is a stone staircase leading up here.
You climb upwards.
There is a stone staircase leading down here.
You slash the gnoll!
The gnoll is severely wounded.
The gnoll hits you with a +0 flail!
You die...

Skill      XL: |  1  2 |
---------------+-------+-----
Long Blades    | 4 |  4.6
Fighting       | 3 |  3.1
Throwing       | |  2.0
Dodging        | |  3.2

Action                   || total
-------------------------++-------
Melee: Long sword        ||    31
       Headbutt          ||     5
Armor: Leather armour    ||     5
Dodge: Dodged            ||    24
       Rpst.: Long sword ||     5

Levels and vault maps discovered:
D:1:      saegor_arrival_miasma, layout_loops_ring
D:2:      layout_basic, uniq_natasha

Notes
Turn   | Place    | Note
-------+----------+-------------------------------------------
     0 | D:1      | Dirtsage the Minotaur Gladiator began the quest for the
                  | Orb.
     0 | D:1      | Reached XP level 1. HP: 18/18 MP: 0/0
   155 | D:1      | Reached skill level 4 in Long Blades
   155 | D:1      | Reached XP level 2. HP: 25/25 MP: 1/1
   332 | D:1      | Reached skill level 3 in Fighting
   849 | D:2      | HP: 2/26 [gnoll/+0 spear (7)]
   859 | D:1      | Slain by a gnoll

Vanquished Creatures
  An ooze (D:1)
  2 dart slugs (D:1)
  2 bats (D:1)
  A giant cockroach (D:2)
  3 goblins (D:1)
  A hobgoblin (D:1)
  A frilled lizard (D:1)
  5 kobolds (D:1)
  4 rats (D:1)
20 creatures vanquished.

Table legend: (Time is in decaauts)
 A = Elapsed time spent in this place.
 B = Non-inter-level travel time spent in this place.
 C = Inter-level travel time spent in this place.
 D = Time resting spent in this place.
 E = Time spent auto-exploring this place.
 F = Levels seen in this place.
 G = Mean time per level.
                   A        B        C        D        E       F      G
               +--------+--------+--------+--------+--------+-----+--------+
         Total |    864 |    833 |     31 |      0 |    718 |   2 |  432.0 |
       Dungeon |    864 |    833 |     31 |      0 |    718 |   2 |  432.0 |
               +--------+--------+--------+--------+--------+-----+--------+

Top non-repeatable levels by time:
     D:1: 814 daAuts
     D:2: 49 daAuts

Table legend:
 A = Non-vault XP
 B = Vault XP
 C = Vault XP percentage of total XP
 D = Non-vault monster count
 E = Vault monster count
 F = Vault count percentage of total count
                 A         B        C        D         E       F
            +---------+---------+-------+---------+---------+-------
      Total |      40 |       0 |   0.0 |      20 |       0 |   0.0
            +---------+---------+-------+---------+---------+-------
        D:1 |      38 |       0 |   0.0 |      19 |       0 |   0.0
        D:2 |       2 |       0 |   0.0 |       1 |       0 |   0.0
            +---------+---------+-------+---------+---------+-------
